 Dungeon Crawl Stone Soup version 0.28.0-53-g5a82cb258f (webtiles) character file.

Game seed: 14428184971557973367

7 protoss039 the Digger (level 1, 0/14 HPs)
             Began as a Demonspawn Earth Elementalist on June 15, 2022.
             Slain by a jackal (1 damage)
             ... on level 1 of the Dungeon.
             The game lasted 00:00:22 (484 turns).

protoss039 the Digger (DsEE)                         Turns: 484, Time: 00:00:23

Health: 0/14       AC:  2    Str:  8    XL:     1   Next: 83%
Magic:  0/3        EV: 12    Int: 16    God:
Gold:   0          SH:  0    Dex: 13    Spells: 3/4 levels left

rFire   . . .      SeeInvis .   d - +0 club
rCold   . . .      Faith    .   (no shield)
rNeg    . . .      Spirit   .   b - +0 robe
rPois   .          Reflect  .   (no helmet)
rElec   .          Harm     .   (no cloak)
rCorr   .          Rampage  .   (no gloves)
Will    .....                   (no boots)
Stlth   ++........              (no amulet)
HPRegen 0.04/turn               (no ring)
MPRegen 0.08/turn               (no ring)

@: no status effects
A: no striking features
a: no special abilities


You were on level 1 of the Dungeon.
You visited 1 branch of the dungeon, and saw 1 of its levels.

Inventory:

Hand Weapons
 d - a +0 club (weapon)
Missiles
 c - 31 stones
Armour
 b - a +0 robe (worn)
Scrolls
 a - a scroll of teleportation {unknown}


   Skills:
 * Level 0.8 Fighting
 + Level 0.2 Armour
 - Level 1.7 Dodging
 - Level 1.7 Stealth
 + Level 2.0 Spellcasting
 - Level 1.0 Transmutations
 + Level 2.7 Earth Magic


You had 3 spell levels left.
You knew the following spells:

 Your Spells              Type           Power      Damage    Failure   Level
a - Sandblast             Erth           20%        2d7       7%          1

Your spell library contained the following spells:

 Spells                   Type           Power      Damage    Failure   Level
 Passwall                 Tmut/Erth      5%         N/A       14%         2
 Stone Arrow              Conj/Erth      12%        3d7       34%         3
 Petrify                  Tmut/Erth      7%         N/A       67%         4


Dungeon Overview and Level Annotations

Branches:
Dungeon (1/15)

Altars:


Message History

Unknown command.
Unknown command.
You closely miss the jackal. The jackal bites you.
The jackal barely misses you.
You miss the jackal. The jackal barely misses you. x2
You closely miss the jackal. The jackal bites you. x2
You hit the jackal.
The jackal is moderately wounded.
The jackal bites you.
You miss the jackal.
The jackal is moderately wounded.
The jackal barely misses you. The jackal bites you.
You closely miss the jackal. The jackal barely misses you.
The jackal closely misses you.
You hit the jackal but do no damage. The jackal closely misses you.
The jackal barely misses you.
You hit the jackal.
The jackal is moderately wounded.
The jackal misses you.
A jackal comes into view.
The jackal bites you.
* * * LOW HITPOINT WARNING * * *
You closely miss the jackal.
The jackal is moderately wounded.
The jackal barely misses you.
The jackal bites you but does no damage.
Casting: Sandblast (safe; 7% risk of failure)
Confirm with . or Enter, or press ? or * to list all spells.
Aiming: Sandblast (safe; 7% risk of failure)
Press: ? - help, Shift-Dir - straight line, f/p - jackal
Aim: a jackal (moderately wounded, 74% to hit)
The blast of sand hits the jackal but does no damage.
The jackal is moderately wounded.
The jackal bites you.
* * * LOW HITPOINT WARNING * * *
Unknown command.
You hit the jackal.
The jackal is severely wounded.
The jackal barely misses you. The jackal bites you.
You die...

........# #.#
........# #.#
#.......# #.#
........# #.#
..####### #.#
#.###########.#
#.............#
#..###################
#...............@hh†.#
##...##############.##
.###.##...#
..#.......# ###
.##..##.######.#
#######.#......# #
#.######.# ##
#........# .##
##########


You could see 2 jackals.

Vanquished Creatures
  An endoplasm (D:1)
  A goblin (D:1)
  2 jackals (D:1)
  A ball python (D:1)
  A bat (D:1)
6 creatures vanquished.

Notes
Turn   | Place    | Note
-------+----------+-------------------------------------------
     0 | D:1      | protoss039 the Demonspawn Earth Elementalist began the
                  | quest for the Orb.
     0 | D:1      | Reached XP level 1. HP: 13/13 MP: 3/3
   115 | D:1      | Reached skill level 1 in Transmutations
   484 | D:1      | Slain by a jackal

Illustrated notes

Levels and vault maps discovered:
D:1:      dpeg_arrival_rhombi, layout_basic,
          shapermc_ecumenical_altar_mp_vishouse, minmay_liquid_box

Skill      XL: |  1 |
---------------+----+-----
Transmutations | 1 |  1.0
Fighting       | |  0.8
Armour         | |  0.2
Dodging        | |  1.7
Stealth        | |  1.7
Spellcasting   | |  2.0
Earth Magic    | |  2.7

Action                   || total
-------------------------++-------
Melee: Club              ||    15
 Cast: Sandblast         ||     9
Armor: Robe              ||     1
Dodge: Dodged            ||    17
